 Dungeon Crawl Stone Soup version 0.25-a0-566-g062765be81 (webtiles) character file.

Game seed: 4081739113826683284, levelgen mode: deterministic

18531 Flugslaktarn the Cleaver (level 12, -1/168 HPs)
             Began as a Deep Dwarf Fighter on Feb 28, 2020.
             Was an Elder of Makhleb.
             Slain by a storm dragon (6 damage)
             ... on level 12 of the Dungeon.
             The game lasted 00:06:52 (6651 turns).

Flugslaktarn the Cleaver (Deep Dwarf Fighter)       Turns: 6651, Time: 00:06:52

Health: -1/168     AC: 20    Str: 24    XL:     12   Next: 28%
Magic:  4/4        EV:  6    Int: 10    God:    Makhleb [****..]
Gold:   331        SH: 12    Dex: 12    Spells: 11/11 levels left

rFire    . . .     SeeInvis +   G - +2 broad axe (freeze)
rCold    . . .     Gourm    .   A - +0 kite shield
rNeg     . . .     Faith    .   E - +0 plate armour
rPois    .         Spirit   .   (no helmet)
rElec    .         Reflect  .   (no cloak)
rCorr    .         Harm     .   l - +2 pair of gloves
MR       +....                  p - +1 pair of boots
Stlth    ..........             (no amulet)
HPRegen  0.00/turn              m - ring of protection from magic
MPRegen  0.09/turn              i - ring of see invisible

@: berserking, vulnerable, non-regenerating, very quick
A: damage resistance, heal wounds, sense surroundings 2, no regeneration
a: Heal Wounds, Minor Destruction, Lesser Servant of Makhleb, Major Destruction,
Renounce Religion


You were on level 12 of the Dungeon.
You worshipped Makhleb.
Makhleb was greatly pleased with you.
You were not hungry.

You visited 2 branches of the dungeon, and saw 13 of its levels.

You collected 561 gold pieces.
You spent 230 gold pieces at shops.

Inventory:

Hand Weapons
 G - a +2 broad axe of freezing (weapon)
   (You bought it in a shop on level 8 of the Dungeon)
Missiles
 x - 4 throwing nets (quivered)
Armour
 l - a +2 pair of gloves (worn)
   (You found it on level 1 of the Dungeon)
 p - a +1 pair of boots (worn)
   (You found it on level 5 of the Dungeon)
 A - a +0 kite shield (worn)
 E - a +0 plate armour (worn)
   (You took it off an orc warrior on level 6 of the Dungeon)
Jewellery
 c - an uncursed ring of protection from cold
   (You found it on level 5 of the Dungeon)
 f - an uncursed ring of protection from fire
   (You found it on level 6 of the Dungeon)
 i - a ring of see invisible (right hand)
   (You found it on level 9 of the Dungeon)
 m - a ring of protection from magic (left hand)
   (You found it on level 9 of the Dungeon)
Wands
 b - a wand of iceblast (6)
   (You found it on level 6 of the Dungeon)
 o - a wand of paralysis (7)
   (You found it on level 4 of the Dungeon)
Scrolls
 g - a scroll of enchant armour
 j - 2 scrolls of fear
 r - a scroll of summoning {unknown}
 t - 4 scrolls of teleportation
 w - 3 scrolls of remove curse
 y - a scroll of acquirement {unknown}
 z - a scroll of blinking
Potions
 a - 2 potions of ambrosia
 d - a potion of might
 h - 2 potions of flight
 k - a potion of brilliance {unknown}
 n - 2 potions of resistance
 q - 8 potions of curing
 s - a potion of berserk rage
 v - 4 potions of heal wounds
 B - a potion of magic
 C - 2 potions of lignification
 D - 2 potions of cancellation {unknown}
 F - a potion of stabbing {unknown}
Comestibles
 e - 18 rations
 u - 9 chunks of flesh


   Skills:
 + Level 8.7 Fighting
 * Level 13.4 Axes
 + Level 10.2 Armour
 + Level 10.2 Shields
 - Level 6.7 Invocations


You had 11 spell levels left.
You didn't know any spells.
Your spell library was empty.

Dungeon Overview and Level Annotations

Branches:
Dungeon (12/15)            Temple (1/1) D:7            Lair (0/6) D:10
    Orc: D:9-12

Altars:
Cheibriados
Dithmenos
Elyvilon
Fedhas
Gozag
Kikubaaqudgha
Makhleb
Nemelex Xobeh
Qazlal
Ru
Trog
Uskayaw
Vehumet
Wu Jian
Xom
Yredelemnul
Zin
The Shining One

Shops:
D:8 (

Annotations:
D:8 2 transporters
D:9 2 transporters, Flugslaktarn's ghost, novice DDFi


Innate Abilities, Weirdness & Mutations

You are resistant to damage.
You can heal yourself by infusing magical energy.
You passively map the area around you.
You do not regenerate.


Message History

The storm dragon is heavily wounded.
You slash the storm dragon! You freeze the storm dragon.
The storm dragon is severely wounded.
The storm dragon barely misses you.
The storm dragon claws you but does no damage.
You block the storm dragon's attack.
You slice the storm dragon!!
The storm dragon is almost dead.
The storm dragon bites you but does no damage.
The storm dragon claws you but does no damage.
The storm dragon tramples you but does no damage.
You closely miss the storm dragon.
The storm dragon is almost dead.
The storm dragon closely misses you.
The storm dragon claws you but does no damage.
You block the storm dragon's attack.
You barely miss the storm dragon.
The storm dragon is almost dead.
The storm dragon bites you!
You die...

, , , , * ,
, , * ,
,### , ,, ,
, *, ,#<# ,
+* * ,
##.## , *,
* , #...# ,
,, , , *
##)))## , ,
* #.....#,,
* ,* , , ,
, ##.....##
*** ,*,
,#@......#
,*, ,
##.D...⌠.##
, ,,
#.........#
, , * *
#####'#####
, , * , ...
** , ,,, *,
..... , , *
>,, .....>#
, , * ,* **
+######, *
,, , , * *


You could see a storm dragon.

Vanquished Creatures
  Erolcha (D:10)
  Harold (D:10)
  A yaktaur captain (D:10)
  A centaur warrior (D:10)
  4 two-headed ogres
  An unseen horror (D:10)
  Pikel (D:9)
  A phantasmal warrior (D:12)
  An orb spider (shapeshifter) (D:10)
  A deep elf mage (D:10)
  2 cyclopes (D:10)
  An ugly thing (D:10)
  A manticore (D:9)
  The ghost of Lugonue the Thaumaturge, a novice FeCj of Sif Muna (D:8)
  2 hornets
  3 hippogriffs
  Sigmund (D:5)
  A vampire (D:6)
  2 wraiths (D:10)
  A spriggan (D:10)
  2 wyverns (D:8)
  A shadow (D:10)
  7 yaks
  A human (D:10)
  2 wargs (D:10)
  Edmund (D:4)
  A water moccasin (D:9)
  6 orc warriors
  A hornet zombie (D:10)
  2 sky beasts
  4 ice beasts
  2 necrophages (D:10)
  4 slaves (D:9)
  A phantom (D:9)
  5 centaurs
  5 ogres
  A big kobold (D:6)
  7 bullfrogs
  2 gnoll sergeants
  3 scorpions
  7 killer bees (D:7)
  5 wights (D:10)
  A howler monkey (D:8)
  4 crimson imps
  4 bullfrog zombies
  A centaur zombie (D:5)
  2 quasits
  7 orc priests
  3 centaur skeletons
  6 hounds
  2 jellies
  8 orc wizards
  2 bullfrog skeletons
  3 iguanas
  6 worker ants
  A killer bee zombie (D:6)
  A hound zombie (D:6)
  A hound skeleton (D:6)
  23 gnolls
  8 adders
  3 shadow imps
  An ooze (D:1)
  3 adder skeletons
  A worm (D:2)
  A dart slug (D:3)
  5 leopard geckos
  33 orcs
  2 giant cockroaches
  2 goblins
  3 hobgoblins
  11 jackals
  7 quokkas
  2 ball pythons
  3 bats (D:1)
  6 frilled lizards
  A giant cockroach zombie (D:6)
  10 kobolds
  2 leopard gecko skeletons (D:4)
  A quokka skeleton (D:7)
  4 rats (D:1)
282 creatures vanquished.

Notes
Turn   | Place    | Note
-------+----------+-------------------------------------------
     0 | D:1      | Flugslaktarn the Deep Dwarf Fighter began the quest for the
                  | Orb.
     0 | D:1      | Reached XP level 1. HP: 20/20 MP: 1/1
    66 | D:1      | Reached XP level 2. HP: 20/27 MP: 2/2
   217 | D:1      | Reached skill level 3 in Axes
   249 | D:2      | Reached XP level 3. HP: 28/33 MP: 3/3
   458 | D:3      | You fall into a shaft and drop 3 floors!
   481 | D:6      | Reached XP level 4. HP: 38/42 MP: 4/4
   506 | D:6      | Noticed a bullfrog
   507 | D:6      | Noticed a centaur
   522 | D:6      | Killed a bullfrog
   522 | D:6      | Reached skill level 4 in Axes
   522 | D:6      | Reached XP level 5. HP: 25/49 MP: 5/5
   529 | D:6      | Killed a centaur
   529 | D:6      | Reached XP level 6. HP: 22/57 MP: 6/6
   537 | D:5      | Entered Level 5 of the Dungeon
   575 | D:4      | Reached skill level 5 in Axes
   821 | D:4      | Noticed Edmund
   846 | D:4      | Killed Edmund
   846 | D:4      | Reached XP level 7. HP: 38/64 MP: 6/6
   963 | D:4      | Found an ornate altar of the Wu Jian Council.
   963 | D:4      | Found a basalt altar of Yredelemnul.
  1056 | D:5      | Reached skill level 5 in Shields
  1073 | D:5      | Reached skill level 5 in Armour
  1093 | D:5      | Reached skill level 6 in Axes
  1162 | D:5      | Found a snail-covered altar of Cheibriados.
  1198 | D:5      | Noticed Sigmund
  1224 | D:5      | Killed Sigmund
  1540 | D:6      | Reached XP level 8. HP: 61/73 MP: 5/5
  1543 | D:6      | Reached skill level 7 in Axes
  1561 | D:6      | Found a radiant altar of Vehumet.
  1692 | D:6      | Noticed a hippogriff
  1715 | D:6      | Killed a hippogriff
  1715 | D:6      | Reached skill level 5 in Fighting
  1753 | D:6      | Reached skill level 8 in Axes
  1903 | D:6      | Gained mutation: You passively map the area around you.
                  | [Deep Dwarf growth]
  1903 | D:6      | Reached XP level 9. HP: 36/81 MP: 2/2
  1940 | D:6      | Found a sacrificial altar of Ru.
  2317 | D:7      | Found a staircase to the Ecumenical Temple.
  2400 | Temple   | Entered the Ecumenical Temple
  2465 | Temple   | Became a worshipper of Makhleb the Destroyer
  2525 | D:7      | Reached skill level 9 in Axes
  2525 | D:7      | Reached skill level 1 in Invocations
  3233 | D:7      | Found a hide-covered altar of Uskayaw.
  3234 | D:7      | Found a blossoming altar of Fedhas.
  3427 | D:8      | Reached * piety under Makhleb
  3525 | D:8      | Reached skill level 10 in Axes
  3610 | D:8      | Reached XP level 10. HP: 63/92 MP: 3/3
  3613 | D:8      | Noticed a two-headed ogre
  3627 | D:8      | Killed a two-headed ogre
  3718 | D:8      | Found Tenomnal's Weapon Emporium.
  3943 | D:8      | Found a transporter.
  4004 | D:8      | Found a transporter.
  4203 | D:8      | Found a runed translucent gate.
  4203 | D:8      | Found a runed translucent gate.
  4203 | D:8      | Found an opulent altar of Gozag.
  4203 | D:8      | Found a runed translucent gate.
  4204 | D:8      | Noticed Lugonue's ghost (novice FeCj)
  4297 | D:9      | Reached skill level 5 in Invocations
  4449 | D:8      | Killed Lugonue's ghost
  4449 | D:8      | Reached skill level 11 in Axes
  4557 | D:8      | Bought a +2 broad axe of freezing for 230 gold pieces
  4734 | D:9      | Found a transporter.
  4742 | D:9      | Noticed Flugslaktarn's ghost (novice DDFi)
  4743 | D:9      | Noticed a moth of wrath
  4758 | D:9      | Found a transporter.
  4901 | D:9      | Reached ** piety under Makhleb
  4903 | D:9      | Noticed Pikel
  4909 | D:9      | Noticed a manticore
  4927 | D:9      | Killed Pikel
  4933 | D:9      | Killed a manticore
  5266 | D:9      | Found a white marble altar of Elyvilon.
  5374 | D:10     | Entered Level 10 of the Dungeon
  5383 | D:10     | Reached XP level 11. HP: 81/100 MP: 3/3
  5406 | D:10     | Noticed Erolcha
  5407 | D:10     | Noticed a green ugly thing
  5427 | D:10     | Killed Erolcha
  5429 | D:10     | Killed a green ugly thing
  5519 | D:10     | Noticed Harold
  5533 | D:10     | Killed Harold
  5557 | D:10     | Noticed a centaur warrior
  5567 | D:10     | Killed a centaur warrior
  5567 | D:10     | Reached skill level 12 in Axes
  5698 | D:10     | Noticed a two-headed ogre
  5705 | D:10     | Killed a two-headed ogre
  5718 | D:10     | Found a staircase to the Lair.
  5729 | D:10     | Reached *** piety under Makhleb
  6146 | D:10     | Noticed a two-headed ogre
  6151 | D:10     | Killed a two-headed ogre
  6168 | D:10     | Noticed a yaktaur captain
  6176 | D:10     | Killed a yaktaur captain
  6177 | D:10     | Noticed an unseen horror
  6205 | D:10     | Killed an unseen horror
  6217 | D:10     | Reached skill level 13 in Axes
  6217 | D:10     | Reached XP level 12. HP: 100/112 MP: 4/4
  6229 | D:10     | Reached skill level 10 in Armour
  6229 | D:10     | Reached skill level 10 in Shields
  6237 | D:10     | Reached **** piety under Makhleb
  6445 | D:11     | Noticed a two-headed ogre
  6455 | D:11     | Killed a two-headed ogre
  6626 | D:12     | Noticed a storm dragon
  6645 | D:12     | HP: 5/168 [storm dragon (4)]
  6651 | D:12     | Slain by a storm dragon

Levels and vault maps discovered:
D:1:      dpeg_arrival_rhombus, layout_rooms, chequers_serial_rivers_small_a,
          minmay_misc_feat_alley, kennysheep_nondescript, roderic_roman_lattice
D:2:      layout_rooms, serial_co_window_serial, co_window_paths_b,
          co_window_paths_b, co_window_paths_a, co_window_of_opportunity_a,
          co_window_corner_a, co_window_corner_b, co_window_broadway_a,
          co_window_of_opportunity_b, co_window_corner_cb, co_window_cross_3,
          co_window_of_opportunity_c, co_window_sun, glass_columns_b,
          glass_columns_b
D:3:      layout_loops_cross, first_ration, roderic_lattice_a
D:4:      layout_rooms, chequers_temple_overflow_statue_of_worship, uniq_edmund
D:5:      layout_cave_pools, cheibriados_altar_1,
          chequers_serial_rivers_micro_b, uniq_sigmund
D:6:      layout_loops_ring, nicolae_overflow_crystal_walls,
          vehumet_altar_wand_db, grunt_ministairs_9, kb_rosetta
D:7:      layout_loops_ring, gammafunk_temple_overflow_statue, temple_green
D:8:      gammafunk_wand_slinger, layout_basic, serial_shops, shop,
          ebering_ghost_gozag
D:9:      layout_basic, old_standard_altar, gammafunk_ghost_berserking_beasts,
          serial_co_window_serial, co_window_corner_a, co_window_cross_1,
          co_window_of_opportunity_a, co_window_paths_a, co_window_paths_a,
          co_window_paths_c, co_window_broadway_b, co_window_of_opportunity_b,
          uniq_pikel
D:10:     layout_irregular_city, erik_lair_orcish_takeover,
          hangedman_stone_soup, serial_bayou_pond_e, minmay_evil_grid,
          uniq_harold, uniq_erolcha
D:11:     layout_gridville, fedhas_altar_1
D:12:     minmay_diamond_stairs, layout_basic, enter_bailey_6,
          minmay_misc_feat_square, uniq_fannar
Temple:   eino_temple_water

Skill      XL: |  1  2  3  4  5  6  7  8  9 10 11 12 |
---------------+-------------------------------------+-----
Axes           | 3 4 5 6 8 10 11 13 | 13.4
Fighting       | 3 4 5 6 7 8 |  8.7
Armour         | 4 5 6 7 8 9 10 | 10.2
Shields        | 4 5 6 7 8 9 10 | 10.2
Invocations    | 3 6 |  6.7

Action                   |  1- 3 |  4- 6 |  7- 9 | 10-12 || total
-------------------------+-------+-------+-------+-------++-------
Melee: War axe           |   106 |   104 |   479 |   209 ||   898
       Broad axe         |       |       |       |   373 ||   373
 Abil: Heal Wounds       |     2 |     3 |    22 |    14 ||    41
Evoke: Wand              |       |       |       |     1 ||     1
  Use: Scroll            |       |       |    12 |     7 ||    19
       Potion            |       |       |     3 |     1 ||     4
  Eat: Chunk             |       |       |     7 |    11 ||    18
       Ration            |       |       |     1 |       ||     1
Armor: Scale mail        |    53 |    64 |   142 |       ||   259
       Skin              |       |       |    55 |       ||    55
       Plate armour      |       |       |   204 |   285 ||   489
Dodge: Dodged            |    35 |    39 |   192 |    86 ||   352
Block: Kite shield       |    72 |    73 |   348 |   294 ||   787

Table legend:
 A = Non-vault XP
 B = Vault XP
 C = Vault XP percentage of total XP
 D = Non-vault monster count
 E = Vault monster count
 F = Vault count percentage of total count
                 A         B        C        D         E       F
            +---------+---------+-------+---------+---------+-------
      Total |   15213 |   11261 |  42.5 |     239 |      39 |  14.0
            +---------+---------+-------+---------+---------+-------
        D:1 |      40 |       0 |   0.0 |      22 |       0 |   0.0
        D:2 |      28 |       0 |   0.0 |       8 |       0 |   0.0
        D:3 |       6 |       0 |   0.0 |       2 |       0 |   0.0
        D:4 |     243 |     157 |  39.2 |      18 |       1 |   5.3
        D:5 |     360 |     223 |  38.3 |      15 |       1 |   6.2
        D:6 |    1481 |     697 |  32.0 |      39 |       7 |  15.2
        D:7 |    1724 |       0 |   0.0 |      24 |       0 |   0.0
        D:8 |    2292 |     651 |  22.1 |      26 |       4 |  13.3
        D:9 |    2412 |     641 |  21.0 |      28 |       1 |   3.4
       D:10 |    4343 |    8267 |  65.6 |      42 |      24 |  36.4
       D:11 |    2103 |       0 |   0.0 |      12 |       0 |   0.0
       D:12 |     181 |     625 |  77.5 |       3 |       1 |  25.0
            +---------+---------+-------+---------+---------+-------
